 Dungeon Crawl Stone Soup version 0.29.1-13-g9f3cf754e1 (webtiles) character file.

Game seed: 6582617704348484486

0 Roshnak the Sneak (level 1, 0/17 (18) HPs)
             Began as a Demonspawn Delver on Feb 2, 2023.
             Slain by an adder (2 damage)
             ... on level 4 of the Dungeon.
             The game lasted 00:01:12 (180 turns).

Roshnak the Sneak (Demonspawn Delver)                Turns: 180, Time: 00:01:12

HP:   0/17 (18)     AC:  3    Str: 12    XL:     1   Next: 0%
MP:   1/1           EV: 11    Int: 11    God:
Gold: 0             SH:  0    Dex: 14    Spells: 0/0 levels left

rFire   . . .      SeeInvis .   a - +0 short sword
rCold   . . .      Faith    .   (no shield)
rNeg    . . .      Spirit   .   b - +0 leather armour
rPois   .          Reflect  .   (no helmet)
rElec   .          Harm     .   (no cloak)
rCorr   .          Rampage  .   (no gloves)
Will    .....                   (no boots)
Stlth   ++........              (no amulet)
HPRegen 0.05/turn               (no ring)
MPRegen 0.07/turn               (no ring)

@: drained
A: no striking features
a: no special abilities


You were on level 4 of the Dungeon.
You visited 1 branch of the dungeon, and saw 2 of its levels.

Inventory:

Hand Weapons
 a - a +0 short sword (weapon)
Armour
 b - a +0 leather armour (worn)
Wands
 g - a wand of digging (3)
Scrolls
 c - a scroll of fog


   Skills:
 + Level 3.0 Fighting
 + Level 1.7 Short Blades
 + Level 1.7 Dodging
 + Level 4.5 Stealth


You couldn't memorise any spells.
You didn't know any spells.
Your spell library was empty.

Dungeon Overview and Level Annotations

Branches:
Dungeon (5/15)
 Temple: D:4-7

Altars:
Sif Muna

Annotations:
D:5 Prince Ribbit


Message History

Moving in this stuff is going to be slow.
The adder completely misses you.
You hit the plant.
The plant begins to die.
The plant is lightly damaged.
The adder closely misses you. The adder bites you but does no damage.
The iguana splashes around in the water.
A nearby plant withers and dies.
Your extra speed is starting to run out.
Found 12 gold pieces.
Found a stone staircase leading up.
Found a scroll labelled ONUVECZ DOOLAN and a scroll labelled YNAWEKL IMUI.
The quokka twitches its whiskers.
You feel yourself slow down.
There is a stone staircase leading up here.
The adder bites you.
You climb upwards.
Found 6 gold pieces.
There is a stone staircase leading down here.
The adder barely misses you.
You aren't carrying any potions.
Okay, then.
You miss the adder. The adder bites you.
* * * LOW HITPOINT WARNING * * *
You hit the adder.
The adder is heavily wounded.
The adder barely misses you. The adder closely misses you.
You hit the adder but do no damage.
The adder is heavily wounded.
The adder bites you.
* * * LOW HITPOINT WARNING * * *
You hit the adder.
The adder is severely wounded.
The adder bites you but does no damage.
You hit the adder but do no damage.
The adder is severely wounded.
The adder barely misses you. The adder closely misses you.
You closely miss the adder.
The adder is severely wounded.
The adder bites you.
You die...

### #..
#.# #.#
#.# #.#
#.# #@#
#S# #
##.#.#####
#....$...#
#>.......+
#.....##.#
#.##..#
... ..#
##.. ....


You could see an adder.

Vanquished Creatures (others)
  3 plants (D:5)
3 creatures vanquished.

Notes
Turn   | Place    | Note
-------+----------+-------------------------------------------
     0 | D:5      | Roshnak the Demonspawn Delver began the quest for the Orb.
     0 | D:5      | Reached XP level 1. HP: 18/18 MP: 1/1
     2 | D:5      | Noticed Prince Ribbit
    13 | D:5      | Noticed a scorpion
    14 | D:5      | Noticed a scorpion
    42 | D:5      | Noticed an ogre
    96 | D:5      | Noticed a hound
    98 | D:5      | Noticed a necrophage
   121 | D:5      | Found a shimmering blue altar of Sif Muna.
   128 | D:5      | Noticed an iguana
   180 | D:4      | Slain by an adder

Illustrated notes

Levels and vault maps discovered:
D:4:      layout_loops_corners, mainiacjoe_overflow_catwalk,
          minmay_temple_entry_statues_pillars, minmay_shop_enchanted_jewellery,
          small_statue_intersection, roderic_batcave, kennysheep_generic_room_4,
          uniq_duvessa
D:5:      layout_cave_pools, nicolae_sif_muna_little_library,
          serial_bayou_pond_c, minmay_mini_ossuary, uniq_pikel,
          uniq_prince_ribbit1

Action                   || total
-------------------------++-------
Melee: Short sword       ||     7
  Use: Scroll            ||     2
       Potion            ||     1
Armor: Leather armour    ||     4
Dodge: Dodged            ||    16
